 Dungeon Crawl Stone Soup version 0.29-a0-319-gad05b8d819 (webtiles) character file.

Game seed: 4145938677223226138

3192 bande the Cleaver (level 9, 0/56 HPs)
             Began as a Gargoyle Fighter on Apr 2, 2022.
             Was an Elder of Okawaru.
             Slain by a troll (9 damage)
             ... on level 8 of the Dungeon.
             The game lasted 00:15:09 (7633 turns).

bande the Cleaver (Gargoyle Fighter)                Turns: 7633, Time: 00:15:10

Health: 0/56       AC: 23    Str: 21    XL:     9   Next: 96%
Magic:  13/13      EV:  7    Int:  8    God:    Okawaru [****..]
Gold:   455        SH:  5    Dex: 13    Spells: 8/8 levels left

rFire   . . .      SeeInvis .   a - +1 war axe
rCold   . . .      Faith    +   c - +0 buckler
rNeg    + . .      Spirit   .   z - +0 chain mail
rPois   ∞          Reflect  .   (no helmet)
rElec   +          Harm     .   e - +2 cloak
rCorr   .          Rampage  .   g - +2 pair of gloves
Will    .....                   (no boots)
Stlth   ..........              m - amulet of faith
HPRegen 0.18/turn               (no ring)
MPRegen 0.13/turn               (no ring)

@: no status effects
A: sickness immunity, AC +6, negative energy resistance 1, electricity
resistance, torment resistance 1, petrification resistance
a: Renounce Religion, Heroism, Finesse


You were on level 8 of the Dungeon.
You worshipped Okawaru.
Okawaru was greatly pleased with you.
You visited 2 branches of the dungeon, and saw 9 of its levels.

You collected 455 gold pieces.

Inventory:

Hand Weapons
 a - a +1 war axe (weapon)
 i - a +0 flail
 x - a +0 war axe
Armour
 c - a +0 buckler (worn)
 e - a +2 cloak (worn)
 g - a +2 pair of gloves (worn)
 j - a +1 ring mail of cold resistance
 z - a +0 chain mail (worn)
Jewellery
 b - the amulet of Guohy {Reflect Int+3 SH+5}
   (You found it on level 7 of the Dungeon)

   [amulet of reflection]

   It reflects blocked missile attacks.
   Int:       It affects your intelligence (+3).
   SH:        It affects your SH (+5).
 m - an amulet of faith (around neck)
 q - a +4 ring of protection
 t - an amulet of magic regeneration
 w - an amulet of regeneration
 y - a ring of fire
Scrolls
 l - 4 scrolls of teleportation
 o - 2 scrolls of enchant armour
 v - a scroll of fear {unknown}
Potions
 d - 3 potions of might
 f - 3 potions of flight
 h - 2 potions of curing
 k - 2 potions of heal wounds
 n - 2 potions of haste {unknown}
 p - a potion of invisibility
 r - 3 potions of lignification {unknown}
 s - 2 potions of mutation {unknown}
 u - a potion of resistance {unknown}


   Skills:
 + Level 6.4 Fighting
 + Level 8.7 Axes
 + Level 6.7 Armour
 + Level 5.5 Shields
 * Level 5.7 Invocations


You had 8 spell levels left.
You didn't know any spells.
Your spell library contained the following spells:

 Spells                   Type           Power      Damage    Failure   Level
 Pain                     Necr           0%         1d4       99%         1
 Gell's Gravitas          Tloc           0%         N/A       100%        3
 Lesser Beckoning         Tloc           0%         N/A       100%        3
 Teleport Other           Tloc           0%         N/A       100%        3
 Agony                    Necr           0%         N/A       100%        5
 Excruciating Wounds      Necr           0%         N/A       100%        5


Dungeon Overview and Level Annotations

Branches:
Dungeon (8/15)             Temple (1/1) D:4
   Lair: D:8-11

Altars:
Ashenzari
Cheibriados
Fedhas
Gozag
Hepliaklqana
Makhleb
Okawaru
Qazlal
Ru
Sif Muna
Trog
Uskayaw
Vehumet
Wu Jian
Xom
Yredelemnul
Zin
The Shining One

Shops:
D:4 [


Innate Abilities, Weirdness & Mutations

You are immune to sickness and miasma.
Your stone body is resilient. (AC +6)
You are immune to poison.
You resist negative energy. (rN+)
You are resistant to electric shocks. (rElec)
You are resistant to unholy torment.
You are immune to petrification.


Message History

The troll barely misses you.
The bullfrog croaks.
The gnoll shouts!
You hit the troll.
The troll is lightly wounded.
The gnoll hits you but does no damage. The troll bites you but does no damage.
The troll claws you but does no damage. x2
A gnoll comes into view. It is wielding a +0 flail.
The gnoll shouts!
You hit the troll.
The troll is lightly wounded.
The gnoll hits you but does no damage. The troll bites you.
The troll claws you. The troll claws you but does no damage.
You barely miss the troll.
The troll is lightly wounded.
The gnoll hits you but does no damage. The troll barely misses you.
The troll claws you but does no damage. The troll claws you.
You hit the troll.
The troll is lightly wounded.
The gnoll hits you from afar with a +0 spear.
The troll bites you. The troll claws you but does no damage.
The troll claws you! The gnoll completely misses you.
You slash the troll!
The troll is moderately wounded.
The troll bites you! You block the troll's attack.
The troll claws you but does no damage.
The gnoll hits you from afar with a +0 spear.
You are too injured to fight recklessly!
You are too injured to fight recklessly!
You are too injured to fight recklessly!
You are too injured to fight recklessly!
You are too injured to fight recklessly!
The troll attacks as you move away! You block the troll's attack.
The troll claws you! The troll claws you but does no damage.
The troll attacks as you move away! The troll bites you.
* * * LOW HITPOINT WARNING * * *
The troll barely misses you. The troll claws you!
* * * LOW HITPOINT WARNING * * *
The troll attacks as you move away! The troll bites you but does no damage.
The troll claws you but does no damage. The troll claws you!
You die...

#########.....
#.........####
#.#<.......
#...#..####
#.###.##......
#........#####
#####.#### #.#
###@# #..T# .
#.#g###### '#
#+##...g.# ...
#####g# .... ##.
#.# .....
###...#.##.g....
.......gg'g.....
###...#.##F.....


You could see a troll and a gnoll.

Vanquished Creatures
  The ghost of Warped the Carver, a novice FoFi (D:5)
  A hornet (D:7)
  A water moccasin (D:5)
  4 ice beasts
  2 black bears
  An ogre (D:5)
  A centaur (D:6)
  A kobold brigand (D:6)
  5 bullfrogs
  4 scorpions
  3 necrophages
  A howler monkey (D:5)
  6 hounds
  A wyvern simulacrum (D:5)
  A jelly (D:4)
  A water moccasin simulacrum (D:5)
  A gnoll shaman (D:6)
  5 orc priests
  Jessica (D:2)
  2 iguanas (D:6)
  7 orc wizards
  2 bullfrog simulacra (D:5)
  A scorpion simulacrum (D:5)
  3 gnolls (D:6)
  7 adders
  A shadow imp (D:6)
  A white imp (D:5)
  A howler monkey simulacrum (D:5)
  An ufetubus (D:4)
  A worm (D:2)
  A dart slug (D:4)
  20 orcs
  8 ball pythons
  3 bats
  4 endoplasms
  3 giant cockroaches
  7 goblins
  6 hobgoblins
  6 jackals
  4 quokkas
  3 frilled lizards
  8 kobolds
  3 rats
144 creatures vanquished.

Vanquished Creatures (others)
  8 plants (D:8)
8 creatures vanquished.

Grand Total: 152 creatures vanquished

Notes
Turn   | Place    | Note
-------+----------+-------------------------------------------
     0 | D:1      | bande the Gargoyle Fighter began the quest for the Orb.
     0 | D:1      | Reached XP level 1. HP: 14/14 MP: 1/1
    95 | D:1      | Reached XP level 2. HP: 19/19 MP: 2/2
   457 | D:1      | Reached skill level 2 in Axes
   566 | D:2      | Found a shimmering altar of Xom.
   649 | D:2      | Reached XP level 3. HP: 23/23 MP: 3/3
  1225 | D:2      | Noticed Jessica
  1235 | D:2      | Killed Jessica
  1236 | D:2      | Reached XP level 4. HP: 23/29 MP: 4/4
  1355 | D:3      | Reached skill level 3 in Axes
  1572 | D:3      | Found a faded altar of an unknown god.
  1929 | D:3      | Reached XP level 5. HP: 33/33 MP: 5/5
  2020 | D:3      | Found a shimmering blue altar of Sif Muna.
  2260 | D:4      | Noticed a black bear
  2268 | D:4      | Killed a black bear
  2269 | D:4      | Reached skill level 4 in Axes
  2269 | D:4      | Reached XP level 6. HP: 36/38 MP: 6/6
  2371 | D:4      | Found a staircase to the Ecumenical Temple.
  2384 | Temple   | Entered the Ecumenical Temple
  2492 | Temple   | Became a worshipper of Warmaster Okawaru
  2593 | D:4      | Identified the +0 ring mail of Weunipp {Rampage rC+ Will-
                  | Str+3 Dex+7}
  2690 | D:4      | Found a broken altar of Ashenzari.
  2717 | D:4      | Found Juorghid's Antique Armour Shoppe.
  3028 | D:5      | Entered Level 5 of the Dungeon
  3028 | D:5      | Noticed an ice beast
  3043 | D:5      | Reached skill level 1 in Invocations
  3043 | D:5      | Reached XP level 7. HP: 44/44 MP: 7/7
  3051 | D:5      | Noticed Warped's ghost (novice FoFi)
  3153 | D:5      | Reached skill level 5 in Armour
  3156 | D:5      | Reached skill level 5 in Axes
  3160 | D:5      | Reached * piety under Okawaru
  3469 | D:5      | Reached XP level 8. HP: 48/48 MP: 9/9
  3628 | D:5      | Found a runed translucent gate.
  3628 | D:5      | Found a runed translucent gate.
  3628 | D:5      | Found a runed translucent gate.
  3900 | D:5      | Reached skill level 6 in Axes
  3968 | D:5      | Reached skill level 5 in Fighting
  4176 | D:4      | Reached ** piety under Okawaru
  5258 | D:5      | Killed Warped's ghost
  5258 | D:5      | Reached *** piety under Okawaru
  5259 | D:5      | Reached skill level 7 in Axes
  5259 | D:5      | Reached skill level 5 in Shields
  5259 | D:5      | Reached XP level 9. HP: 19/54 MP: 10/12
  6011 | D:6      | Reached **** piety under Okawaru
  6109 | D:6      | Reached skill level 5 in Invocations
  6153 | D:6      | Reached skill level 8 in Axes
  6630 | D:7      | Identified the amulet of Guohy {Reflect Int+3 SH+5}
  7035 | D:7      | Found a burning altar of Makhleb.
  7037 | D:7      | Noticed a hornet
  7043 | D:7      | Killed a hornet
  7614 | D:8      | Noticed a troll
  7633 | D:8      | Slain by a troll

Illustrated notes

Levels and vault maps discovered:
D:1:      dpeg_arrival_arbitrary_b, layout_rooms
D:2:      layout_loops_ring, basic_altar, uniq_jessica
D:3:      layout_loops_cross, tgw_sif, hellmonk_ecumenical_altar_run_dry,
          chequers_hall_statues_wall_a
D:4:      layout_basic, cheibrodos_ashenzari_chains, minmay_temple_entry_grid,
          serial_shops, nicolae_shop_behind_doors, grunt_decor_cap
D:5:      layout_rooms, serial_curves, eino_curves_02, eino_curves_03,
          eino_curves_03, eino_curves_02, gammafunk_ghost_icy,
          patterned_corridor
D:6:      minmay_recursive_quarters, layout_cave_pools, columned_hall_lemuel
D:7:      layout_loops_ring, mainiacjoe_overflow_paths
D:8:      layout_loops_corners, minmay_overflow_temple_star_quad,
          corexii_checkpoint_a, hangedman_decor_push, serial_bayou_lagoon_a,
          grunt_decor_fettered
Temple:   eino_temple_scatter_basement

Skill      XL: |  1  2  3  4  5  6  7  8  9 |
---------------+----------------------------+-----
Axes           | 2 3 4 5 7 8 |  8.7
Armour         | 4 5 6 |  6.7
Fighting       | 4 5 6 |  6.4
Shields        | 4 5 |  5.5
Invocations    | 1 2 4 5 |  5.7

Action                   |  1- 3 |  4- 6 |  7- 9 || total
-------------------------+-------+-------+-------++-------
Melee: War axe           |    92 |   126 |   310 ||   528
  Use: Scroll            |     3 |     3 |     4 ||    10
Armor: Scale mail        |    48 |   103 |    60 ||   211
       Ring mail         |       |       |    55 ||    55
       Chain mail        |       |       |   147 ||   147
Dodge: Dodged            |    54 |    79 |   156 ||   289
Block: Buckler           |    18 |    34 |    97 ||   149

Table legend: (Time is in decaauts)
 A = Elapsed time spent in this place.
 B = Non-inter-level travel time spent in this place.
 C = Inter-level travel time spent in this place.
 D = Time resting spent in this place.
 E = Time spent auto-exploring this place.
 F = Levels seen in this place.
 G = Mean time per level.
                   A        B        C        D        E       F      G
               +--------+--------+--------+--------+--------+-----+--------+
         Total |   7795 |   7688 |    107 |   1823 |   4274 |   9 |  866.1 |
       Dungeon |   7653 |   7546 |    107 |   1823 |   4183 |   8 |  956.6 |
        Temple |    141 |    141 |      0 |      0 |     91 |   1 |  141.0 |
               +--------+--------+--------+--------+--------+-----+--------+

Top non-repeatable levels by time:
     D:4: 2057 daAuts
     D:5: 1406 daAuts
     D:6: 969 daAuts
     D:7: 958 daAuts
     D:3: 830 daAuts
     D:2: 811 daAuts
     D:1: 579 daAuts
  Temple: 141 daAuts
     D:8: 40 daAuts
